[Event "*** Titled Tuesday Blitz"]
[Site "Chess.com"]
[Date "2020.12.01"]
[Round "4"]
[White "Chessbard1972"]
[Black "ferdipy"]
[Result "1-0"]
[WhiteElo "2385"]
[BlackElo "2137"]
[TimeControl "180+1"]
[EndTime "10:36:46 PST"]
[Termination "Chessbard1972 won by resignation"]

1. e4 e6 2. d4 d5 3. e5 c5 4. dxc5 Bxc5 5. Bd3 Nc6 6. Nf3 Nge7 7. Bf4 Qb6 8. O-O Qxb2 9. Nbd2 Ng6 10. Bg3 Bd7 11. Rb1 Qxa2 12. Rxb7 O-O-O 13. Rb3 Bb6 14. Qe2 h5 15. h4 f6 16. c4 dxc4 17. Bxc4 Na5 18.
Ba6+ Kb8 19. exf6+ Ka8 20. Rc3 Bc6 21. Rfc1 1-0

[Event "*** Titled Tuesday Blitz"]
[Site "Chess.com"]
[Date "2020.12.01"]
[Round "4"]
[White "MathiasWomacka"]
[Black "Rodalquilar"]
[Result "0-1"]
[WhiteElo "2481"]
[BlackElo "2689"]
[TimeControl "180+1"]
[EndTime "10:36:47 PST"]
[Termination "Rodalquilar won by resignation"]

1. e4 d5 2. exd5 Qxd5 3. Nc3 Qa5 4. d4 Nf6 5. Nf3 Bf5 6. Bd2 e6 7. Ne4 Qb6 8. Nxf6+ gxf6 9. Bc4 Nc6 10. d5 Nb4 11.
O-O Nxd5 12. Bxd5 exd5 13. Re1+ Be6 14. Bc3 Be7 15. Nd4 O-O-O 16. Nxe6 fxe6 17. Qg4 f5 18. Qe2 d4 19. Bd2 Rd6 20. Bf4 Rc6 21. Be5 Rd8 22. Qh5 Qxb2 23. Qxh7 Bb4 24. Reb1 Qxc2 25. h4 Bc3 26. Rc1 Qe4 27. Bf6 Bxa1 28. Rxa1 Rcd6 29. Rc1 c6 30. Bxd8 Rxd8 31. h5 d3 32. Rb1 c5 33.
Rc1 d2 34. Rxc5+ Qc6 35. Rxc6+ bxc6 0-1

[Event "*** Titled Tuesday Blitz"]
[Site "Chess.com"]
[Date "2020.12.01"]
[Round "4"]
[White "ElGasanov"]
[Black "Gulkov_Igor"]
[Result "1-0"]
[WhiteElo "2734"]
[BlackElo "2494"]
[TimeControl "180+1"]
[EndTime "10:36:48 PST"]
[Termination "ElGasanov won by resignation"]

1. d4 Nf6 2. c4 e6 3. Nf3 Bb4+ 4.
Nc3 c5 5. e3 Nc6 6. Bd3 Bxc3+ 7. bxc3 d6 8. O-O e5 9. Nd2 O-O 10. Ne4 Qe7 11. Qf3 Nxe4 12. Bxe4 Bd7 13. Rb1 Rab8 14. dxc5 dxc5 15. Bd5 Kh8 16. e4 Nd8 17. Qg3 b6 18. f4 Nc6 19. f5 f6 20. Qh4 Qe8 21. Rf3 g5 22. fxg6 Qxg6 23. Rg3 Qe8 24.
Bh6 Qe7 25. Rf1 1-0

[Event "*** Titled Tuesday Blitz"]
[Site "Chess.com"]
[Date "2020.12.01"]
[Round "4"]
[White "jacky72"]
[Black "GigaQuparadze"]
[Result "1-0"]
[WhiteElo "2719"]
[BlackElo "2903"]
[TimeControl "180+1"]
[EndTime "10:36:50 PST"]
[Termination "jacky72 won by resignation"]

1. d4 Nf6 2. c4 e6 3. Nf3 b6 4. g3 Bb4+ 5. Bd2 c5 6. Bxb4 cxb4 7.
Bg2 Bb7 8. O-O O-O 9. a3 bxa3 10.
Rxa3 a5 11. Nc3 Na6 12. Nb5 Nb4 13. Re1 d5 14. Ne5 Rc8 15. Na7 Ra8 16. Nb5 Ba6 17. e4 Bxb5 18. cxb5 dxe4 19. Bxe4 Nxe4 20. Rxe4 Qd5 21.
Rh4 g6 22. Qd2 h5 23. Qh6 Ra7 24. Rf3 Rc8 25. Rhf4 f5 26. Nxg6 Nd3 27. Qh8+ Kf7 28. Qxc8 Kxg6 29. Rxd3 1-0

[Event "*** Titled Tuesday Blitz"]
[Site "Chess.com"]
[Date "2020.12.01"]
[Round "4"]
[White "shnitez"]
[Black "FMOlexandrProhorov"]
[Result "1-0"]
[WhiteElo "2570"]
[BlackElo "2206"]
[TimeControl "180+1"]
[EndTime "10:36:50 PST"]
[Termination "shnitez won on time"]

1. c4 Nf6 2. Nc3 c5 3. g3 Nc6 4. Bg2 b6 5. e3 Bb7 6. Nge2 e6 7. O-O d5 8. cxd5 Nxd5 9. Nxd5 exd5 10. d4 Be7 11.
dxc5 Bxc5 12. Qxd5 O-O 13. a3 Qf6 14. Qf3 Qe6 15. Nf4 Qb3 16. Qd5 Qc2 17. b4 Nd8 18. Qd1 Qxd1 19. Rxd1 Bxg2 20. Kxg2 Be7 21. Nd5 Bd6 22.
Nxb6 axb6 23. Rxd6 Ne6 24. Rxb6 Rfc8 25. Bb2 Rc2 26. Be5 h6 27. Rb8+ Rxb8 28. Bxb8 Ng5 29. e4 Nxe4 30. Ba7 1-0

[Event "*** Titled Tuesday Blitz"]
[Site "Chess.com"]
[Date "2020.12.01"]
[Round "4"]
[White "Lukianoo"]
[Black "ChessWarrior7197"]
[Result "0-1"]
[WhiteElo "2769"]
[BlackElo "2991"]
[TimeControl "180+1"]
[EndTime "10:36:51 PST"]
[Termination "ChessWarrior7197 won on time"]

1. e4 c6 2. d4 d5 3. e5 Bf5 4. h4 h5 5. Bd3 Bxd3 6. Qxd3 Qa5+ 7.
Nd2 e6 8. Nf3 Qa6 9. c4 Bb4 10.
O-O Nd7 11. b3 Ne7 12. a3 Nf5 13. Ra2 Be7 14. g3 O-O-O 15. Qc2 Rhg8 16. cxd5 g5 17.
dxc6 bxc6 18. hxg5 Bxg5 19. Ne4 Be7 20. Bf4 h4 21. Rc1 Nb8 22. b4 hxg3 23. fxg3 Nxd4 24. Nxd4 Rxd4 25. b5 Qxb5 26. Rb2 Qd5 27. Nf6 Bxf6 28. exf6 Rxf4 29. Rxb8+ Kxb8 0-1

[Event "*** Titled Tuesday Blitz"]
[Site "Chess.com"]
[Date "2020.12.01"]
[Round "4"]
[White "Gerodot71"]
[Black "AvitalBor"]
[Result "0-1"]
[WhiteElo "2477"]
[BlackElo "2682"]
[TimeControl "180+1"]
[EndTime "10:36:51 PST"]
[Termination "AvitalBor won by resignation"]

1. d4 Nf6 2. c4 e6 3. Nf3 d5 4. g3 dxc4 5. Bg2 Nc6 6. e3 Rb8 7. O-O b5 8. Qe2 Be7 9. b3 cxb3 10. axb3 O-O 11. Bd2 Bb7 12. Rc1 b4 13. Ne1 Nd5 14. Nd3 a5 15. Nc5 Ba8 16. Be1 Bf6 17. Nd2 Nc3 18. Qd3 e5 19. d5 e4 20. Ndxe4 Nxe4 21. Bxe4 Bxa1 22. Rxa1 Ne5 23. Qd4 Rb5 24. f4 Nd7 25.
Rc1 Nxc5 26. Rxc5 Rxc5 27. Qxc5 Re8 28. Bf3 Qe7 29. Qxe7 Rxe7 30. e4 Bxd5 0-1

[Event "*** Titled Tuesday Blitz"]
[Site "Chess.com"]
[Date "2020.12.01"]
[Round "4"]
[White "Thjop"]
[Black "profofchess"]
[Result "1-0"]
[WhiteElo "2631"]
[BlackElo "2427"]
[TimeControl "180+1"]
[EndTime "10:36:51 PST"]
[Termination "Thjop won by resignation"]

1. e4 e6 2. d4 d5 3. Nd2 Nf6 4. e5 Nfd7 5. c3 c5 6. f4 Nc6 7. Ndf3 Qb6 8. a3 a5 9. b3 Be7 10. h4 O-O 11. Bd3 f6 12. Ne2 Qa7 13. h5 Rf7 14.
Qc2 Nf8 15. Be3 b6 16. h6 g6 17. O-O Ba6 18. c4 dxc4 19. Bxc4 Bxc4 20. Qxc4 cxd4 21.
Nexd4 Nxd4 22. Bxd4 Qb7 23. exf6 Bxf6 24. Bxf6 Rxf6 25.
Rac1 b5 26. Qc7 Qxc7 27. Rxc7 Rxf4 28. Rg7+ Kh8 29. Ng5 1-0

[Event "*** Titled Tuesday Blitz"]
[Site "Chess.com"]
[Date "2020.12.01"]
[Round "4"]
[White "OlifantCZ"]
[Black "valeriocarnicelli"]
[Result "0-1"]
[WhiteElo "2233"]
[BlackElo "2573"]
[TimeControl "180+1"]
[EndTime "10:36:51 PST"]
[Termination "valeriocarnicelli won by resignation"]

1. c4 Nf6 2. g3 e6 3. Bg2 d5 4. Nf3 c6 5. b3 Be7 6. O-O O-O 7.
Bb2 Nbd7 8. d3 b6 9. Nc3 Bb7 10.
e4 c5 11. cxd5 exd5 12. e5 Ne8 13. d4 Nc7 14. Re1 Ne6 15. dxc5 Ndxc5 16. Nb5 a6 17.
Nbd4 Ne4 18. a3 Rc8 19. b4 Qd7 20. Nf5 Rfd8 21. Nxe7+ Qxe7 22. Nd4 Rc4 23. h4 Rdc8 24.
Nf5 Qc7 25. Bxe4 Rxe4 26. Rxe4 dxe4 27. Rc1 Rd8 28. Rxc7 Rxd1+ 29. Kh2 Nxc7 0-1

[Event "*** Titled Tuesday Blitz"]
[Site "Chess.com"]
[Date "2020.12.01"]
[Round "4"]
[White "Reader777"]
[Black "amiralfio"]
[Result "1-0"]
[WhiteElo "2689"]
[BlackElo "2483"]
[TimeControl "180+1"]
[EndTime "10:36:57 PST"]
[Termination "Reader777 won by resignation"]

1. d4 f5 2. c4 Nf6 3. Nc3 e6 4. e3 b6 5. Bd3 Bb7 6. f3 Bb4 7. Ne2 O-O 8. O-O a5 9. a3 Be7 10. Qc2 d6 11. Bd2 Nbd7 12. Rae1 Qe8 13. Nf4 Qf7 14. d5 exd5 15. Bxf5 Kh8 16. Be6 Qe8 17. Ncxd5 Nxd5 18. cxd5 Nc5 19. b4 axb4 20. axb4 Na6 21. Bf5 g6 22. Bxg6 hxg6 23. Nxg6+ Kg7 24. Nxf8 Qxf8 25. e4 Bf6 26. f4 Bd4+ 27. Kh1 Qf6 28. e5 Qh4 29. Qe4 Rh8 30. h3 Bf2 31. e6 Bxe1 32. Rxe1 Qf6 33. Re3 1-0

[Event "*** Titled Tuesday Blitz"]
[Site "Chess.com"]
[Date "2020.12.01"]
[Round "4"]
[White "GregShahade"]
[Black "WPWPWP-2015"]
[Result "1-0"]
[WhiteElo "2701"]
[BlackElo "2488"]
[TimeControl "180+1"]
[EndTime "10:36:58 PST"]
[Termination "GregShahade won by checkmate"]

1. e4 e5 2. Nf3 Nf6 3. Nxe5 d6 4.
Nf3 Nxe4 5. Nc3 Nxc3 6. dxc3 Be7 7. Be3 O-O 8. Qd2 Nc6 9. O-O-O Ne5 10. Kb1 c6 11.
Nxe5 dxe5 12. Bd3 Be6 13. Qe2 Qa5 14. c4 b5 15. Bd2 Qc7 16. Rhe1 Bf6 17. Bc3 bxc4 18.
Bxc4 Rfe8 19. f3 Bf5 20. Bd3 Bg6 21. Bxg6 hxg6 22. a3 Rab8 23. Qc4 Re6 24. Re2 Qb7 25. Red2 Re7 26. Rd8+ Rxd8 27. Rxd8+ Kh7 28. Qg4 g5 29. Qh5# 1-0

[Event "*** Titled Tuesday Blitz"]
[Site "Chess.com"]
[Date "2020.12.01"]
[Round "4"]
[White "parintele_chess"]
[Black "LastHeroJr"]
[Result "1-0"]
[WhiteElo "2201"]
[BlackElo "2382"]
[TimeControl "180+1"]
[EndTime "10:37:04 PST"]
[Termination "parintele_chess won by resignation"]

1. c4 Nf6 2. g3 g6 3. Bg2 Bg7 4. Nf3 O-O 5. O-O d6 6. Nc3 e5 7.
d3 Nc6 8. Rb1 Bf5 9. e4 Bg4 10.
h3 Bxf3 11. Bxf3 Nd7 12. b4 a5 13. b5 Nd4 14. Bg2 Nc5 15. Ne2 f5 16. Nxd4 exd4 17.
exf5 Rxf5 18. Ba3 Rb8 19. Bxc5 Rxc5 20. Qg4 Re5 21. Rbe1 Qe7 22. Rxe5 Qxe5 23. Qd7 d5 24. Bxd5+ Kh8 25. Bxb7 Qe2 26. Qxc7 Be5 27. Qe7 Rxb7 28. Qxb7 Qxd3 29. Qc8+ Kg7 30. Qd7+ Kh6 31. b6 Bxg3 32. fxg3 Qxg3+ 33. Kh1 d3 34. Qg4 Qe3 35. Qh4+ Kg7 36. Qf6+ Kh6 37. Qf4+ Qxf4 38. Rxf4 Kg5 1-0

[Event "*** Titled Tuesday Blitz"]
[Site "Chess.com"]
[Date "2020.12.01"]
[Round "4"]
[White "vanyakuba"]
[Black "Gusarov91"]
[Result "1-0"]
[WhiteElo "2482"]
[BlackElo "2645"]
[TimeControl "180+1"]
[EndTime "10:37:05 PST"]
[Termination "vanyakuba won by resignation"]

1. e4 c5 2. c3 Qa5 3. Nf3 Nc6 4. Na3 Nf6 5. e5 Ng4 6. Nc4 Qc7 7. d4 e6 8. h3 Nh6 9. Bxh6 gxh6 10. d5 Na5 11. d6 Qd8 12. Ne3 Bg7 13. a4 O-O 14. Bd3 f6 15.
O-O fxe5 16. Ng4 c4 17. Bc2 Nc6 18. Re1 Qb6 19. Qe2 h5 20. Qe4 hxg4 21. Qxh7+ Kf7 22. Qg6+ Kg8 23. Qh7+ Kf7 24. Qh5+ Kg8 25. Bh7+ 1-0

[Event "*** Titled Tuesday Blitz"]
[Site "Chess.com"]
[Date "2020.12.01"]
[Round "4"]
[White "gmcorrales"]
[Black "elohunter1999"]
[Result "1-0"]
[WhiteElo "2795"]
[BlackElo "2588"]
[TimeControl "180+1"]
[EndTime "10:37:06 PST"]
[Termination "gmcorrales won by checkmate"]

1. e4 c5 2. Nf3 e6 3. d4 cxd4 4. Nxd4 Nf6 5. Nc3 d6 6. Be3 a6 7.
Qd2 b5 8. f3 Nbd7 9. g4 h6 10. O-O-O b4 11. Na4 Qa5 12. b3 Bb7 13. h4 Nc5 14. a3 Nxa4 15. axb4 Qc7 16. bxa4 d5 17. e5 Nd7 18. f4 Nb6 19. Rh3 Rc8 20. Bf2 Nxa4 21. Be1 h5 22. f5 hxg4 23. Ra3 Nb6 24.
fxe6 fxe6 25. Nxe6 Qe7 26. Nd4 Nc4 27. Bxc4 Rxc4 28.
Qd3 Qf7 29. e6 Qf4+ 30. Kb1 Bxb4 31. Qg6+ Kd8 32. Qxg7 Bxa3 33. Qd7# 1-0

[Event "*** Titled Tuesday Blitz"]
[Site "Chess.com"]
[Date "2020.12.01"]
[Round "4"]
[White "Chessalary"]
[Black "yoelpolanco"]
[Result "0-1"]
[WhiteElo "2406"]
[BlackElo "2240"]
[TimeControl "180+1"]
[EndTime "10:37:06 PST"]
[Termination "yoelpolanco won by resignation"]

1. e4 e5 2. Nf3 Nc6 3. Bc4 Nf6 4. d3 Bc5 5. O-O d6 6. c3 a5 7. a4 h6 8. h3 g5 9. d4 Ba7 10. dxe5 Nxe5 11. Nxe5 dxe5 12. Qb3 Qe7 13. Nd2 g4 14. hxg4 Nxg4 15. Nf3 Rg8 16. Bd2 h5 17. Rad1 h4 18. Bg5 Rxg5 19. Bxf7+ Kf8 20. Nxg5 Qxg5 21. Qd5 Bf5 22.
exf5 Qf4 23. g3 hxg3 24. Qg2 gxf2+ 25. Kh1 Qh6+ 0-1

[Event "*** Titled Tuesday Blitz"]
[Site "Chess.com"]
[Date "2020.12.01"]
[Round "4"]
[White "DrVelja"]
[Black "FrostNova"]
[Result "0-1"]
[WhiteElo "2788"]
[BlackElo "3010"]
[TimeControl "180+1"]
[EndTime "10:37:07 PST"]
[Termination "FrostNova won on time"]

1. e4 c5 2. Nc3 d6 3. f4 Nc6 4. Nf3 g6 5. Bb5 Bg7 6. Bxc6+ bxc6 7. O-O Nf6 8. d3 Rb8 9. Qe1 Bg4 10. e5 Nd5 11.
exd6 Bxf3 12. Rxf3 Nxc3 13. dxe7 Qa5 14. bxc3 Qxc3 15.
Qe4 Bd4+ 16. Kh1 Qxa1 17. Rf1 Rb1 18. Qxc6+ Kxe7 19. f5 Rxc1 20. f6+ Bxf6 21. Qxc5+ Ke8 22. Qe3+ Qe5 23. Qxc1 Kf8 24. Re1 Qg5 25. Qa3+ Kg7 26. Qxa7 Qd2 27. Rf1 Re8 0-1

[Event "*** Titled Tuesday Blitz"]
[Site "Chess.com"]
[Date "2020.12.01"]
[Round "4"]
[White "Skatchkov_V"]
[Black "anon102030"]
[Result "0-1"]
[WhiteElo "2498"]
[BlackElo "2726"]
[TimeControl "180+1"]
[EndTime "10:37:08 PST"]
[Termination "anon102030 won by checkmate"]

1. d4 Nf6 2. c4 e5 3. dxe5 Ng4 4. Nh3 Nxe5 5. Nf4 Nbc6 6. Nd2 Ng6 7. Nd5 Bc5 8. g3 d6 9. Bg2 O-O 10. O-O Re8 11.
a3 a5 12. Nf3 Nce5 13. Nd4 Nxc4 14. Nb5 c6 15. Nbc7 cxd5 16. Nxa8 Be6 17. b4 Ba7 18. Bxd5 Qxa8 19. Bxe6 Rxe6 20. Qd5 Nce5 21. Qxa5 Nc6 22. Qd5 Rxe2 23. Qxd6 Qc8 24. Be3 Bxe3 25. fxe3 Qh3 26. Rf2 Rxf2 27. Kxf2 Qxh2+ 28. Kf3 Nge5+ 29. Ke4 Qg2+ 30.
Kf5 Qf3+ 31. Kg5 h6+ 32. Kh4 Qg4# 0-1

[Event "*** Titled Tuesday Blitz"]
[Site "Chess.com"]
[Date "2020.12.01"]
[Round "4"]
[White "Sueetin"]
[Black "cstevens1"]
[Result "0-1"]
[WhiteElo "2258"]
[BlackElo "2657"]
[TimeControl "180+1"]
[EndTime "10:37:08 PST"]
[Termination "cstevens1 won on time"]

1. e4 c5 2. Nf3 e6 3. d4 cxd4 4. Nxd4 a6 5. Bd3 Bc5 6. Nb3 Be7 7. c4 d6 8. Nc3 Nd7 9. O-O Qc7 10.
Be3 Ne5 11. Be2 Nf6 12. f4 Nxc4 13. Bxc4 Qxc4 14. Rc1 Nxe4 15. Bd4 Nf6 16. Na5 Qb4 17. Nb3 d5 18. a3 Qd6 0-1

[Event "*** Titled Tuesday Blitz"]
[Site "Chess.com"]
[Date "2020.12.01"]
[Round "4"]
[White "Vanina1989"]
[Black "Luklei18"]
[Result "1-0"]
[WhiteElo "2638"]
[BlackElo "2427"]
[TimeControl "180+1"]
[EndTime "10:37:10 PST"]
[Termination "Vanina1989 won on time"]

1. d4 d6 2. e4 Nf6 3. Nc3 g6 4.
Nf3 Bg7 5. Be2 O-O 6. O-O c6 7. h3 Qc7 8. Re1 e5 9. Bf1 Nbd7 10. a4 Re8 11. Bg5 exd4 12. Nxd4 Nc5 13. Qf3 Nfd7 14.
Rad1 Bxd4 15. Rxd4 Ne6 16. Be3 Nxd4 17. Bxd4 Ne5 18.
Qg3 c5 19. Nd5 Qd8 20. Bc3 Be6 21. f4 Nd7 22. Ne3 f6 23. h4 Bf7 24. Ng4 d5 25. Nh6+ Kg7 26. Nxf7 Kxf7 27. exd5 Rxe1 28. Qxe1 Qe7 29. Qg3 Re8 30. Kh2 Qe3 31. Qg4 f5 32. Qg5 Re4 33. Bb5 Qxf4+ 34. Qxf4 Rxf4 35. Bxd7 Rxh4+ 36. Kg3 Rg4+ 37. Kf3 Ke7 38. Bc8 b6 39. Be5 Rxa4 40.
Bc7 Rd4 41. d6+ Rxd6 42. Bxd6+ Kxd6 43. Kf4 h6 44. Bb7 b5 45. Ba6 b4 46. Bc4 a5 47. b3 1-0

[Event "*** Titled Tuesday Blitz"]
[Site "Chess.com"]
[Date "2020.12.01"]
[Round "4"]
[White "Nachsueb"]
[Black "Tactictic"]
[Result "1-0"]
[WhiteElo "2209"]
[BlackElo "2397"]
[TimeControl "180+1"]
[EndTime "10:37:10 PST"]
[Termination "Nachsueb won by checkmate"]

1. d4 f5 2. Nc3 Nf6 3. Bg5 d5 4. f3 Nc6 5. e4 fxe4 6. fxe4 Bg4 7. Be2 Bxe2 8. Ngxe2 dxe4 9. d5 Ne5 10. O-O Qd7 11. Nf4 Nfg4 12. Ne6 c6 13. Bf4 h6 14. Bxe5 Nxe5 15. Qh5+ g6 16. Qxe5 Rg8 17. Rxf8+ Rxf8 18. Nxf8 Qg4 19. Ne6 Kf7 20. Rf1+ Ke8 21. Rf8+ Kd7 22.
Qc7# 1-0

[Event "*** Titled Tuesday Blitz"]
[Site "Chess.com"]
[Date "2020.12.01"]
[Round "4"]
[White "ondoko"]
[Black "ErikRonka"]
[Result "0-1"]
[WhiteElo "2110"]
[BlackElo "2380"]
[TimeControl "180+1"]
[EndTime "10:37:10 PST"]
[Termination "ErikRonka won on time"]

1. e4 d5 2. exd5 Qxd5 3. Nc3 Qd6 4. d4 Nf6 5. Nf3 a6 6. g3 Bg4 7. Bg2 Nc6 8. O-O O-O-O 9. Bf4 Qb4 10. Ne2 Bxf3 11.
Bxf3 Nxd4 12. Nxd4 Qxd4 13. Qe2 e6 14. Rad1 Qb6 15.
Rxd8+ Kxd8 16. c4 Be7 17. a3 Kc8 18. b4 Rd8 19. Be3 Qd6 20. Qb2 Qd3 21. c5 Nd5 22.
Rd1 Qg6 23. Bc1 Bf6 24. Qb3 Nc3 25. Rxd8+ Kxd8 0-1

[Event "*** Titled Tuesday Blitz"]
[Site "Chess.com"]
[Date "2020.12.01"]
[Round "4"]
[White "maximnovik"]
[Black "jefferyx"]
[Result "0-1"]
[WhiteElo "2550"]
[BlackElo "2910"]
[TimeControl "180+1"]
[EndTime "10:37:11 PST"]
[Termination "jefferyx won on time"]

1. d4 Nf6 2. Bg5 c5 3. Bxf6 gxf6 4. d5 Qb6 5. Qc1 f5 6. c4 d6 7. Nc3 Nd7 8. e3 Ne5 9. Qc2 Bd7 10. Nh3 h5 11. Be2 h4 12. O-O Bh6 13. a3 O-O-O 14. b4 Rdg8 15. Rab1 Rg7 16. Kh1 Rhg8 17. Rg1 Ng4 18. Na4 Qa6 19. Nb2 Nxe3 20. fxe3 Bxe3 21. Nd3 f4 22. Ndxf4 Bxg1 23. Rxg1 Qxa3 24. Nf2 Qe3 25. N2d3 h3 26. Bf3 Qxf3 0-1

[Event "*** Titled Tuesday Blitz"]
[Site "Chess.com"]
[Date "2020.12.01"]
[Round "4"]
[White "FMalexhdez"]
[Black "RaphCamora"]
[Result "1-0"]
[WhiteElo "2292"]
[BlackElo "2429"]
[TimeControl "180+1"]
[EndTime "10:37:11 PST"]
[Termination "FMalexhdez won by checkmate"]

1. e4 c5 2. Nf3 Nc6 3. d4 cxd4 4. Nxd4 Nf6 5. Nc3 e5 6. Nf3 Bb4 7. Bc4 O-O 8. Bg5 Bxc3+ 9. bxc3 Qa5 10. Bxf6 Qxc3+ 11. Nd2 gxf6 12. O-O d6 13. Re1 f5 14. Re3 Qd4 15.
Rg3+ Kh8 16. c3 Qb6 17. Qh5 Qb2 18. Rh3 Qxa1+ 19. Nf1 Kg7 20. Qh6+ Kg8 21. Qxh7# 1-0

[Event "*** Titled Tuesday Blitz"]
[Site "Chess.com"]
[Date "2020.12.01"]
[Round "4"]
[White "JoachimMouhamad"]
[Black "beto-betun"]
[Result "1-0"]
[WhiteElo "2401"]
[BlackElo "2199"]
[TimeControl "180+1"]
[EndTime "10:37:11 PST"]
[Termination "JoachimMouhamad won on time"]

1. e4 c5 2. Nf3 d6 3. d4 cxd4 4. Nxd4 Nf6 5. Nc3 a6 6. f3 e5 7. Nb3 Be6 8. Be3 h5 9. Nd5 Nxd5 10. exd5 Bf5 11. Qd2 Be7 12. Be2 Qc7 13. c4 Nd7 14. Na5 Rc8 15. O-O O-O 16. Rac1 Bg6 17. b4 f5 18. Rfd1 f4 19. Bf2 Kh7 20. c5 dxc5 21. d6 Bxd6 22. Qxd6 Qxd6 23. Rxd6 Nf6 24. bxc5 e4 25.
fxe4 Nxe4 26. Rd7 Nxf2 27. Kxf2 Be4 28. Bd3 Bxd3 29. Rxd3 Rc7 30. Rb3 1-0

[Event "*** Titled Tuesday Blitz"]
[Site "Chess.com"]
[Date "2020.12.01"]
[Round "4"]
[White "DanielDardha2005"]
[Black "Arseniy_Nesterov"]
[Result "0-1"]
[WhiteElo "2628"]
[BlackElo "2851"]
[TimeControl "180+1"]
[EndTime "10:37:17 PST"]
[Termination "Arseniy_Nesterov won by resignation"]

1. d4 d5 2. c4 c6 3. e3 Nf6 4. Nf3 Bg4 5. Be2 e6 6. O-O Bd6 7. b3 O-O 8. Bb2 Nbd7 9. Nbd2 a5 10. a3 Qe7 11. h3 Bh5 12. Ne5 Bxe2 13. Qxe2 c5 14. Nxd7 Nxd7 15. cxd5 exd5 16. dxc5 Nxc5 17. Rfd1 Be5 18. Nf3 Bxb2 19. Qxb2 Rfd8 20. Nd4 g6 21. b4 axb4 22. axb4 Rxa1 23. Qxa1 Ne4 24. Qa5 Qf6 25. Nf3 b6 26. Qa3 h5 27. Qa1 Qxa1 28. Rxa1 Rc8 29. Nd4 Rc4 30. b5 Rb4 31. f3 Nd6 32. Ra6 Nc4 33. Ra8+ Kg7 34. Ra7 Nxe3 35. Ne6+ Kf6 36. Nd8 Rxb5 37. f4 Kf5 38. Rxf7+ Ke4 39. Re7+ Kxf4 40. Ne6+ Kg3 0-1

[Event "*** Titled Tuesday Blitz"]
[Site "Chess.com"]
[Date "2020.12.01"]
[Round "4"]
[White "Artyom_ChessMate"]
[Black "kirillshevchenko"]
[Result "1-0"]
[WhiteElo "2552"]
[BlackElo "2851"]
[TimeControl "180+1"]
[EndTime "10:37:17 PST"]
[Termination "Artyom_ChessMate won by resignation"]

1. e4 c5 2. Nc3 Nc6 3. Bb5 Nd4 4.
Nf3 a6 5. Bd3 Nc6 6. O-O e6 7.
b3 g5 8. h3 h5 9. Bb2 g4 10. Nh2 Bg7 11. hxg4 hxg4 12. Qxg4 Qf6 13. Nd1 Ne5 14. Qg3 Qh6 15. Bxe5 Bxe5 16. Qxe5 Nf6 17.
Ne3 Kd8 18. f3 Qg6 19. Neg4 1-0

[Event "*** Titled Tuesday Blitz"]
[Site "Chess.com"]
[Date "2020.12.01"]
[Round "4"]
[White "Infernal_XaM"]
[Black "GMaka"]
[Result "1-0"]
[WhiteElo "2831"]
[BlackElo "2444"]
[TimeControl "180+1"]
[EndTime "10:37:17 PST"]
[Termination "Infernal_XaM won by checkmate"]

1. Nf3 Nf6 2. c4 g6 3. Nc3 Bg7 4. e4 O-O 5. d4 c5 6. d5 d6 7.
Be2 Bg4 8. Be3 a6 9. a4 Qa5 10.
Nd2 Bxe2 11. Qxe2 Qb4 12. Ra2 Nbd7 13. O-O Ne5 14. h3 b5 15. cxb5 axb5 16. f4 Nc4 17. Nxc4 bxc4 18. e5 Nd7 19. e6 Nb6 20. Bd2 Qb3 21.
f5 Bxc3 22. Bxc3 Qxa2 23. exf7+ Rxf7 24. Qe6 Kf8 25. f6 Re8 26. fxe7+ Rxe7 27. Rxf7+ Rxf7 28. Qxd6+ Ke8 29. Qb8+ Ke7 30. Qxb6 Qb1+ 31. Kh2 Qf5 32.
Qc7+ Ke8 33. Qb8+ Ke7 34. Be5 Qd7 35. a5 Qxd5 36. a6 Ke6 37. Bg3 Qd7 38. Qe5# 1-0

[Event "*** Titled Tuesday Blitz"]
[Site "Chess.com"]
[Date "2020.12.01"]
[Round "4"]
[White "BJthechessgod"]
[Black "Anna_ChessMate"]
[Result "1-0"]
[WhiteElo "2309"]
[BlackElo "2562"]
[TimeControl "180+1"]
[EndTime "10:37:19 PST"]
[Termination "BJthechessgod won by checkmate"]

1. e4 c6 2. d4 d5 3. Nc3 dxe4 4. Nxe4 Bf5 5. Ng3 Bg6 6. h4 h6 7. Nf3 e6 8. Ne5 Bh7 9. Bc4 Nd7 10. Bf4 Nxe5 11. Bxe5 Nf6 12. Qe2 Qb6 13. O-O-O O-O-O 14. Bd3 Bxd3 15. Rxd3 Nd5 16. Rb3 Qa5 17. Kb1 f6 18. c4 Nb6 19. Bf4 Re8 20. Ne4 Qf5 21. Rf3 Qh7 22. Ka1 Rd8 23. Rd1 e5 24. Bh2 exd4 25.
c5 Nd5 26. Bd6 Bxd6 27. Nxd6+ Kc7 28. Rxd4 b6 29. Qa6 Ra8 30. Qb7+ Kd8 31. Qxc6 Nc7 32. Nf5+ Kc8 33. Ne7+ Kb8 34. cxb6 Qc2 35. bxc7# 1-0

[Event "*** Titled Tuesday Blitz"]
[Site "Chess.com"]
[Date "2020.12.01"]
[Round "4"]
[White "Agibileg"]
[Black "Fandorine"]
[Result "0-1"]
[WhiteElo "2534"]
[BlackElo "2851"]
[TimeControl "180+1"]
[EndTime "10:37:20 PST"]
[Termination "Fandorine won by resignation"]

1. d4 Nf6 2. c4 e6 3. Nc3 Bb4 4. Qc2 Nc6 5. Nf3 d6 6. Bd2 Qe7 7. a3 Bxc3 8. Bxc3 O-O 9. e3 e5 10. d5 Nb8 11. Be2 a5 12. b3 Bg4 13. O-O Bh5 14.
b4 Bg6 15. Qb2 Ne4 16. Nd2 Nxc3 17. Qxc3 Nd7 18. bxa5 f5 19. Rab1 Ra7 20. Bd3 e4 21. Be2 Qe5 22. Qxe5 Nxe5 23. Rb5 Be8 24. Rb4 Bd7 25.
Rfb1 Rxa5 26. Rxb7 Rxa3 27. Rxc7 Ra2 28. Rd1 Ba4 29.
Ra7 Bxd1 30. Rxa2 Bxe2 31. Nxe4 Bxc4 32. Rc2 fxe4 33. h4 h6 34. Kh2 Bxd5 35. Rd2 Nd3 36.
Kg3 Rf6 37. h5 Rf5 38. f4 exf3 39. Rxd3 fxg2 40. Rd1 Rf1 0-1

[Event "*** Titled Tuesday Blitz"]
[Site "Chess.com"]
[Date "2020.12.01"]
[Round "4"]
[White "Stormeman100100"]
[Black "Sunnika"]
[Result "0-1"]
[WhiteElo "2501"]
[BlackElo "2350"]
[TimeControl "180+1"]
[EndTime "10:37:20 PST"]
[Termination "Sunnika won on time"]

1. e4 e6 2. d4 d5 3. Nd2 Nf6 4. e5 Nfd7 5. c3 c5 6. Bd3 Nc6 7. Ne2 cxd4 8. cxd4 f6 9. exf6 Qxf6 10. Nf3 h6 11. Bf4 Bb4+ 12. Kf1 O-O 13. h4 e5 14. dxe5 Ndxe5 15. Nxe5 Nxe5 16. Qb3 Nxd3 17. Qxd3 Bf5 18. Qg3 Rae8 19. Be3 Bd3 20. Rd1 Qa6 21. Kg1 Bxe2 22. Rxd5 Qc6 23. Rd4 Bc5 24. Kh2 Bxd4 25. Bxd4 Qd7 26.
Bc3 Qg4 27. Qc7 Qxh4+ 28. Kg1 Qxf2+ 29. Kh2 Qf4+ 0-1

[Event "*** Titled Tuesday Blitz"]
[Site "Chess.com"]
[Date "2020.12.01"]
[Round "4"]
[White "PotapovaM"]
[Black "theturtlemoves"]
[Result "0-1"]
[WhiteElo "2591"]
[BlackElo "2403"]
[TimeControl "180+1"]
[EndTime "10:37:21 PST"]
[Termination "theturtlemoves won by checkmate"]

1. d4 d5 2. c4 e6 3. Nc3 a6 4. Nf3 Nf6 5. cxd5 exd5 6. Bg5 Be6 7. Qb3 Nbd7 8. e3 Rb8 9. Be2 Bd6 10. O-O O-O 11.
Bf4 Qe7 12. Bg3 Bxg3 13. hxg3 Qd6 14. Rac1 Rfe8 15. Rfd1 c6 16. Qc2 Bg4 17. a3 Re7 18. b4 Rbe8 19. Na4 Ne4 20. Bf1 Qh6 21. Re1 Ndf6 22. Ne5 Rxe5 23. dxe5 Rxe5 24. f3 Rh5 25. fxe4 Nxe4 26. Qxe4 dxe4 27. Red1 Qxe3# 0-1